 Dungeon Crawl Stone Soup version 0.18-a0-19-g8b99b3a (webtiles) character file.

838 Eldritch the Covert (level 8, -3/47 HPs)
             Began as a Kobold Assassin on Nov 1, 2015.
             Killed by divine providence
             ... invoked by an orc priest
              (10 damage)
             ... on level 5 of the Dungeon.
             The game lasted 00:17:01 (7477 turns).

Eldritch the Covert (Kobold Assassin)               Turns: 7477, Time: 00:17:01

Health: -3/47      AC:  9    Str: 10      XL:     8   Next: 19%
Magic:  8/8        EV: 20    Int: 13 (14) God:
Gold:   283        SH:  0    Dex: 18      Spells: 0 memorised, 7 levels left

rFire  + . .     SeeInvis .     b - +0 blowgun
rCold  . . .     Rnd*Rage +     c - +0 robe
rNeg   + . .     SustAt   .     (shield restricted)
rPois  .         Gourm    .     (no helmet)
rElec  .         Spirit   .     d - +0 cloak
rCorr  .         Warding  .     (no gloves)
rMut   .         Stasis   .     (no boots)
MR     .....                    (no amulet)
Stlth  +++++.....               p - ring of positive energy
                                n - ring of protection from fire

@: brilliant, not resistant to hostile enchantments, quite stealthy
A: repulsion field 1, rough black scales 1, yellow scales 1, berserk 1,
carnivore 3, regeneration 1, no device heal 1, subdued magic 1
a: no special abilities


You were on level 5 of the Dungeon.
You were full.

You visited 1 branch of the dungeon, and saw 5 of its levels.

You collected 283 gold pieces.

Inventory:

Hand Weapons
 a - a +3 dagger
 b - a +0 blowgun (weapon)
 r - a +0 dagger of venom
Missiles
 e - 7 poisoned needles (quivered)
 f - 2 curare-tipped needles
Armour
 c - a +0 robe (worn)
 d - a +0 cloak (worn)
Jewellery
 n - a ring of protection from fire (left hand)
 p - a ring of positive energy (right hand)
Scrolls
 i - 3 scrolls of recharging
 q - 2 scrolls of remove curse
 u - 4 scrolls of identify
Potions
 l - a potion of brilliance
 o - a potion of cure mutation
Comestibles
 k - 2 royal jellies


   Skills:
 + Level 3.6 Fighting
 + Level 4.0 Short Blades
 + Level 4.0 Throwing
 + Level 5.3 Dodging
 + Level 9.7 Stealth


You had 7 spell levels left.
You didn't know any spells.

Dungeon Overview and Level Annotations

Branches:
Dungeon (5/15)
 Temple: D:4-7

Altars:
Elyvilon
Fedhas
Makhleb
Okawaru
Qazlal
Ru
Sif Muna
Vehumet
Xom


Innate Abilities, Weirdness & Mutations

You are small and have problems with some larger weapons.
You are carnivorous and can eat meat at any time.
You are surrounded by a mild repulsion field (EV +2).
You are partially covered in rough black scales (AC +4, Dex -1).
You are partially covered in yellow scales (AC +2).
You tend to lose your temper in combat.
Your natural rate of healing is unusually fast.
Potions and wands are less effective at restoring your health.
Your spells are a little easier to cast, but a little less powerful.


Message History

Your Short Blades skill increases to level 4!
A magic dart appears from out of thin air!
The magic dart hits you!
* * * LOW HITPOINT WARNING * * *
Firing (i - inventory. (,) - cycle):
e - 9 poisoned needles (quivered)
Press: ? - help, Shift-Dir - straight line, f - orc priest
Aim: an orc priest, wielding a hand axe You shoot a poisoned needle.
The poisoned needle barely misses the orc priest.
You hear some strange, mumbled words.
Something tries to affect you, but you resist.
Firing (i - inventory. (,) - cycle):
e - 8 poisoned needles (quivered)
Press: ? - help, Shift-Dir - straight line, f/p - orc priest
Aim: an orc priest, wielding a hand axe You shoot a poisoned needle.
The poisoned needle hits the orc priest!
The orc priest is poisoned.
The orc priest mumbles some strange prayers to Beogh against you.
Something smites you!
You die...

##.########.#
#.()..o....#
#.########.##### #.#
#o....# #.# #.###.# ###
#.# #.# #.# ..# #o###
#.# #.# #.# #...# #.#
#.# #.## ###.# #@###.##
#..# #{# #.##.#.## ##.#
#.# #...###.# #.# #{#
####.#..# #.# #.#
##.#.# #.######o# #.#.#
#.#oo....##########.#.#
#.#.######..........#.#
##.#.# #<##########.#


You could see an orc priest.

Vanquished Creatures
  Duvessa (D:4)
  A sky beast (D:5)
  A centaur (D:5)
  Dowan (D:4)
  5 orc wizards
  A giant frog skeleton (D:5)
  An orc priest (D:4)
  A gnoll shaman (D:4)
  3 worker ants
  6 adders
  5 gnolls (D:4)
  A shadow imp (D:5)
  3 oozes (D:1)
  An adder skeleton (D:4)
  4 worms
  3 giant geckos
  18 orcs
  10 bats
  7 giant cockroaches
  9 goblins
  11 hobgoblins
  3 jackals (D:1)
  10 kobolds
  A giant gecko skeleton (D:4)
  8 giant newts
  5 rats
120 creatures vanquished.

Vanquished Creatures (others)
  5 sheep (D:5)
5 creatures vanquished.

Grand Total: 125 creatures vanquished

Notes
Turn   | Place    | Note
--------------------------------------------------------------
     0 | D:1      | Eldritch the Kobold Assassin began the quest for the Orb.
     0 | D:1      | Reached XP level 1. HP: 12/12 MP: 1/1
   113 | D:1      | Reached XP level 2. HP: 18/18 MP: 2/2
   176 | D:1      | Reached skill level 6 in Stealth
   369 | D:1      | Reached XP level 3. HP: 18/22 MP: 3/3
  1362 | D:2      | Reached XP level 4. HP: 27/27 MP: 4/4
  1410 | D:2      | Found an iron altar of Okawaru.
  3028 | D:2      | Reached skill level 7 in Stealth
  3028 | D:2      | Reached XP level 5. HP: 31/31 MP: 5/5
  4331 | D:4      | Reached XP level 6. HP: 36/36 MP: 6/6
  4343 | D:4      | Reached skill level 8 in Stealth
  4901 | D:4      | Gained mutation: Your mind is acute. (Int +2) [potion of mutation]
  4901 | D:4      | Gained mutation: Your muscles are strong. (Str +2) [potion of mutation]
  4901 | D:4      | Gained mutation: Your body sometimes deteriorates upon taking damage. [potion of mutation]
  4904 | D:4      | Lost mutation: Your body sometimes deteriorates upon taking damage. [potion of cure mutation]
  4904 | D:4      | Lost mutation: Your muscles are strong. (Str +2) [potion of cure mutation]
  4904 | D:4      | Lost mutation: Your mind is acute. (Int +2) [potion of cure mutation]
  4905 | D:4      | Gained mutation: Your natural rate of healing is unusually fast. [potion of beneficial mutation]
  5173 | D:4      | Gained mutation: You tend to lose your temper in combat. [potion of mutation]
  5173 | D:4      | Gained mutation: You can spit weak poison. [potion of mutation]
  5182 | D:4      | Found a sacrificial altar of Ru.
  5384 | D:4      | Noticed a fire elemental
  5386 | D:4      | Found a stormy altar of Qazlal.
  5388 | D:4      | Noticed a water elemental
  5389 | D:4      | Noticed an air elemental
  5762 | D:4      | Reached XP level 7. HP: 36/40 MP: 7/7
  6120 | D:4      | Noticed Duvessa
  6120 | D:4      | Noticed Dowan
  6170 | D:4      | Killed Duvessa
  6170 | D:4      | Reached skill level 9 in Stealth
  6176 | D:4      | Killed Dowan
  6588 | D:5      | Entered Level 5 of the Dungeon
  6702 | D:5      | Reached skill level 5 in Dodging
  6706 | D:5      | Gained mutation: Potions and wands are less effective at restoring your health. [mutagenic meat]
  6707 | D:5      | Gained mutation: You are partially covered in rough black scales (AC +4, Dex -1). [mutagenic meat]
  6708 | D:5      | Gained mutation: You are partially covered in yellow scales (AC +2). [mutagenic meat]
  6709 | D:5      | Gained mutation: Your spells are a little easier to cast, but a little less powerful. [mutagenic meat]
  6710 | D:5      | Lost mutation: You can spit weak poison. [mutagenic meat]
  6711 | D:5      | Gained mutation: You are surrounded by a mild repulsion field (EV +2). [mutagenic meat]
  6734 | D:5      | Found a white marble altar of Elyvilon.
  6736 | D:5      | Found a burning altar of Makhleb.
  6790 | D:5      | Found a blossoming altar of Fedhas.
  6873 | D:5      | Found a shimmering altar of Xom.
  6945 | D:5      | Found a radiant altar of Vehumet.
  6950 | D:5      | Reached XP level 8. HP: 46/46 MP: 8/8
  7156 | D:5      | Found a deep blue altar of Sif Muna.
  7477 | D:5      | Killed from afar by an orc priest

Vault maps used:
D:1:      dpeg_arrival_rhombus, nrook_loot_triangle
D:2:      okawaru_trees_1
D:3:      nicolae_overflow_hidden_temple, first_bread
D:4:      nicolae_qazlal_style_of_elements, lemuel_doored_altar, uniq_duvessa
D:5:      lemuel_blue_sif_altar, grunt_temple_overflow_open,
          kb_xom_exploding_sheep, kennysheep_mini, vehumet_crystals

Action                   |  1- 3 |  4- 6 |  7- 9 || total
-------------------------+-------+-------+-------++-------
Melee: Dagger            |    73 |   208 |    51 ||   332
 Fire: Blowgun           |    14 |    38 |    22 ||    74
 Abil: Spit Poison       |       |       |     1 ||     1
  Use: Potion            |     1 |    10 |     6 ||    17
       Scroll            |       |     6 |     3 ||     9
 Stab: Sleeping          |    18 |    19 |     6 ||    43
       Invisible         |     1 |     1 |       ||     2
       Distracted        |       |     5 |     3 ||     8
  Eat: Beef jerky        |     1 |     1 |       ||     2
       Meat ration       |       |     2 |     1 ||     3
       Chunk             |       |       |     8 ||     8
